 Dungeon Crawl Stone Soup version 0.26.1-2-gb8aa6d0cf2 (webtiles) character file.

Game seed: 13058885483304360713

3193 Mattiprrivan the Vandal (level 9, -10/65 HPs)
             Began as a Demonspawn Hunter on Mar 6, 2021.
             Was a Believer of Makhleb.
             Killed by divine providence
             ... invoked by an orc priest
              (13 damage)
             ... on level 9 of the Dungeon on Mar 7, 2021.
             The game lasted 01:25:06 (8914 turns).

Mattiprrivan the Vandal (Demonspawn Hunter)         Turns: 8914, Time: 01:25:07

Health: -10/65     AC:  8    Str: 16    XL:     9   Next: 64%
Magic:  0/11       EV: 18    Int: 12    God:    Makhleb [**....]
Gold:   373        SH:  0    Dex: 14    Spells: 7/8 levels left

rFire    . . .     SeeInvis .   o - +4 quarterstaff (chaos)
rCold    . . .     Faith    +   (shield currently unavailable)
rNeg     . . .     Spirit   +   c - +2 leather armour
rPois    .         Reflect  .   (helmet restricted)
rElec    .         Harm     .   p - +0 cloak
rCorr    .         Rampage  .   (no gloves)
Will     +....                  (no boots)
Stlth    ++........             s - amulet of faith
HPRegen  0.20/turn              i - ring of willpower
MPRegen  0.12/turn              (no ring)

@: agile
A: horns 1, icy blue scales 1, powered by pain 2, magic shield
a: Renounce Religion, Minor Destruction


You were on level 9 of the Dungeon.
You worshipped Makhleb.
Makhleb was pleased with you.
You visited 2 branches of the dungeon, and saw 10 of its levels.

You collected 461 gold pieces.
You spent 88 gold pieces at shops.

Inventory:

Hand Weapons
 a - a +2 hunting sling
 f - a +2 whip of flaming
 g - the +8 dagger of Raodorau {freeze, rElec rC+}
   (You took it off an orc priest on level 7 of the Dungeon)

   It has been specially enchanted to freeze those struck by it, causing extra
   injury to most foes and up to half again as much damage against particularly
   susceptible opponents.
   It can also slow down cold-blooded creatures.
   It protects you from cold.
   It insulates you from electricity.
 o - a +4 quarterstaff of chaos (weapon)
 q - a +1 whip of freezing
Missiles
 e - 331 stones
 h - 12 boomerangs (quivered)
 j - 43 sling bullets
 k - 3 boomerangs of dispersal
 n - 64 poisoned darts
Armour
 c - a +2 leather armour (worn)
 p - a +0 cloak (worn)
Jewellery
 d - an uncursed amulet of regeneration
 i - a ring of willpower (left hand)
 s - an amulet of faith (around neck)
 t - an uncursed ring of protection from fire
Wands
 u - a wand of digging (3)
Scrolls
 l - 2 scrolls of identify
 m - a scroll of remove curse
 r - a scroll of amnesia
 v - a scroll of blinking
Potions
 b - 2 potions of flight


   Skills:
 * Level 4.1 Fighting
 * Level 3.1(3.5) Short Blades
 * Level 2.5(3.2) Long Blades
 * Level 2.3(3.3) Axes
 * Level 2.5(3.6) Maces & Flails
 * Level 2.2(3.3) Polearms
 * Level 2.8(3.7) Staves
 * Level 7.1(7.4) Slings
 * Level 2.9(5.4) Throwing
 * Level 2.4 Armour
 * Level 3.2 Dodging
 * Level 3.1 Stealth
 * Level 2.5 Unarmed Combat
 * Level 3.2 Invocations
 * Level 2.1 Evocations


You had 7 spell levels left.
You knew the following spells:

 Your Spells              Type           Power        Failure   Level
a - Animate Skeleton      Necr           0%           36%         1

Your spell library contained the following spells:

 Spells                   Type           Power        Failure   Level
 Pain                     Necr           0%           36%         1
 Vampiric Draining        Necr           0%           75%         3
 Animate Dead             Necr           0%           98%         4
 Agony                    Necr           0%           100%        5


Dungeon Overview and Level Annotations

Branches:
Dungeon (9/15)             Temple (1/1) D:4
   Lair: D:8-11         Orc: D:9-12

Altars:
Ashenzari
Cheibriados
Dithmenos
Elyvilon
Fedhas
Gozag
Hepliaklqana
Kikubaaqudgha
Makhleb
Nemelex Xobeh
Okawaru
Qazlal
Ru
Sif Muna
Trog
Uskayaw
Vehumet
Wu Jian
Xom
Yredelemnul
Zin
The Shining One
Beogh

Shops:
D:5 }

Annotations:
D:9 FishyPogo's ghost, novice DrTm


Innate Abilities, Weirdness & Mutations

You have a pair of small horns on your head.
You are partially covered in icy blue scales. (AC +2)
You sometimes gain power by taking damage.
When hurt, damage is shared between your health and your magic reserves.


Message History

Hit: o) +4 quarterstaff (chaos)
Press: ? - help, Dir - move target, f/p - orc warrior
Aim: an orc warrior, wielding a +6 broad axe and wearing the cursed +1 chain mail "Earthly Heaven" {rF+ SInv} (almost dead)
You completely miss the orc warrior.
The orc warrior is almost dead.
The orc warrior hits you with a +6 broad axe!
* * * LOW HITPOINT WARNING * * *
You focus on the pain.
You feel agile all of a sudden.
The orc warrior hits you from afar with a +0 trident.
Hit: o) +4 quarterstaff (chaos)
Press: ? - help, Dir - move target, f/p - orc warrior
Aim: an orc warrior, wielding a +6 broad axe and wearing the cursed +1 chain mail "Earthly Heaven" {rF+ SInv} (almost dead)
You sock the orc warrior! You freeze the orc warrior.
You kill the orc warrior!
Makhleb accepts your kill.
The orc warrior hits you but does no damage.
The orc priest calls down the wrath of Beogh upon you.
Beogh smites you!
You die...

## #.. ######.#####
.##.........# ##.
#.........# ..
##.........######
.###........oo##...+
.............oo.@#
............8o####
####'''########
.........oho#
.o.#####....#
###o....###.#
#8#.o8..#8#.#
...........$#
....._[)...8#


You could see an orc warrior, 2 orc priests and 3 orcs.

Vanquished Creatures
  Pikel (D:5)
  Grinder (D:5)
  2 sky beasts
  2 ice beasts
  An ogre (D:7)
  5 orc warriors
  A centaur (D:6)
  3 bullfrogs (D:6)
  4 scorpions
  A wyvern skeleton (D:6)
  3 howler monkeys
  A bullfrog zombie (D:7)
  2 hounds
  7 orc priests
  2 jellies
  Crazy Yiuf (D:4)
  7 orc wizards
  A centaur skeleton (D:5)
  2 iguanas (D:6)
  2 worker ants
  A hound skeleton (D:7)
  3 gnolls (D:3)
  A worker ant zombie (D:6)
  5 adders
  2 shadow imps (D:6)
  3 ufetubi
  2 worms (D:2)
  2 dart slugs
  A leopard gecko (D:5)
  26 orcs
  11 bats
  7 giant cockroaches
  9 goblins
  10 hobgoblins
  11 jackals
  5 kobolds
  A quokka (D:8)
  A ball python (D:3)
  7 frilled lizards
  A leopard gecko zombie (D:7)
  11 rats
169 creatures vanquished.

Notes
Turn   | Place    | Note
-------+----------+-------------------------------------------
     0 | D:1      | Mattiprrivan the Demonspawn Hunter began the quest for the
                  | Orb.
     0 | D:1      | Reached XP level 1. HP: 16/16 MP: 1/1
   174 | D:1      | Reached skill level 1 in Stealth
   319 | D:1      | Gained mutation: You have a pair of small horns on your
                  | head. [demonic ancestry]
   319 | D:1      | Reached XP level 2. HP: 22/22 MP: 2/2
   452 | D:1      | Reached skill level 4 in Slings
  1124 | D:2      | Gained mutation: You sometimes gain a little power by
                  | taking damage. [demonic ancestry]
  1124 | D:2      | Reached XP level 3. HP: 27/27 MP: 3/3
  1492 | D:2      | Reached skill level 1 in Short Blades
  1492 | D:2      | Reached XP level 4. HP: 30/33 MP: 4/4
  1579 | D:2      | Found a basalt altar of Yredelemnul.
  1908 | D:2      | Found a hide-covered altar of Uskayaw.
  2622 | D:3      | Reached XP level 5. HP: 31/39 MP: 5/5
  3238 | D:4      | Reached skill level 1 in Maces & Flails
  3419 | D:4      | Found a staircase to the Ecumenical Temple.
  3435 | Temple   | Entered the Ecumenical Temple
  3521 | Temple   | Became a worshipper of Makhleb the Destroyer
  3659 | D:4      | Found a runed translucent door.
  3660 | D:4      | Noticed Crazy Yiuf
  3670 | D:4      | Killed Crazy Yiuf
  3671 | D:4      | Reached skill level 1 in Armour
  3774 | D:4      | Found an opulent altar of Gozag.
  3787 | D:4      | Found a hazy altar of Hepliaklqana.
  3990 | D:4      | Found a glowing golden altar of the Shining One.
  4020 | D:5      | Entered Level 5 of the Dungeon
  4026 | D:5      | Reached skill level 5 in Slings
  4026 | D:5      | Reached skill level 1 in Throwing
  4026 | D:5      | Reached skill level 1 in Unarmed Combat
  4026 | D:5      | Gained mutation: You are partially covered in icy blue
                  | scales. (AC +2) [demonic ancestry]
  4026 | D:5      | Reached XP level 6. HP: 45/46 MP: 6/6
  4110 | D:5      | Noticed Grinder
  4129 | D:5      | Killed Grinder
  4130 | D:5      | Reached skill level 1 in Long Blades
  4173 | D:5      | Found Kiruanut's Gadget Shop.
  4176 | D:5      | Bought a wand of paralysis (6) for 88 gold pieces
  4194 | D:5      | Noticed a sky beast
  4266 | D:5      | Gained mutation: You sometimes gain power by taking damage.
                  | [demonic ancestry]
  4266 | D:5      | Reached XP level 7. HP: 49/51 MP: 7/7
  4276 | D:5      | Reached skill level 1 in Axes
  4276 | D:5      | Reached skill level 1 in Invocations
  4468 | D:5      | Noticed Pikel
  4485 | D:5      | Killed Pikel
  4486 | D:5      | Reached skill level 1 in Polearms
  4486 | D:5      | Reached skill level 1 in Staves
  4486 | D:5      | Reached skill level 6 in Slings
  4486 | D:5      | Gained mutation: When hurt, damage is shared between your
                  | health and your magic reserves. [demonic ancestry]
  4486 | D:5      | Reached XP level 8. HP: 51/58 MP: 7/9
  4555 | D:5      | Reached skill level 1 in Evocations
  4967 | D:5      | Reached * piety under Makhleb
  5579 | D:6      | Learned a level 1 spell: Animate Skeleton
  5811 | D:6      | Reached XP level 9. HP: 54/65 MP: 8/10
  6410 | D:7      | Identified the +8 dagger of Raodorau {freeze, rElec rC+}
  6424 | D:7      | Reached skill level 7 in Slings
  6519 | D:7      | Reached ** piety under Makhleb
  7639 | D:7      | Found a stormy altar of Qazlal.
  8884 | D:9      | Identified the cursed +1 chain mail "Earthly Heaven" {rF+
                  | SInv}
  8885 | D:9      | Found a runed translucent gate.
  8885 | D:9      | Found a runed translucent gate.
  8886 | D:9      | Found a runed translucent gate.
  8886 | D:9      | Found a roughly hewn altar of Beogh.
  8886 | D:9      | Noticed FishyPogo's ghost (novice DrTm)
  8887 | D:9      | Identified the +9 plate armour "Icheetag" {rPois rC+ Regen+
                  | Int+4}
  8912 | D:9      | HP: 3/65 [orc warrior/+6 broad axe (11)]
  8914 | D:9      | Killed from afar by an orc priest

Illustrated notes

Levels and vault maps discovered:
D:1:      psy_arrival_radial01, layout_basic, grunt_decor_junction
D:2:      layout_loops_ring, nicolae_overflow_hidden_temple,
          lemuel_doored_altar, serial_bayou_crossing
D:3:      layout_basic
D:4:      layout_rooms, lemuel_coloured_pillars_altar,
          amethyst_overflow_temple_binary, minmay_temple_entry_offerings,
          uniq_crazy_yiuf_cottage
D:5:      kennysheep_spiral_hall, layout_loops_ring, serial_shops,
          nicolae_shop_behind_doors, st_stairs_9, uniq_grinder, uniq_pikel
D:6:      layout_basic
D:7:      layout_cave_pods, marbit_many_paths, serial_rivers,
          chequers_serial_rivers_small_b, chequers_serial_rivers_room_a,
          chequers_serial_rivers_room_a, chequers_serial_rivers_micro_b
D:8:      layout_loops_ring, corexii_corridor_pit
D:9:      layout_roguey, biasface_ghost_orc_armoury,
          hangedman_abyss_or_decor_lesser_grid, chequers_serial_rivers_micro_b,
          uniq_prince_ribbit1
Temple:   regret_index_temple_sphere_string

Skill      XL: |  1  2  3  4  5  6  7  8  9 |
---------------+----------------------------+-----
Stealth        | 1 2 3 |  3.1
Slings         | 4 5 6 7 |  7.1
Dodging        | 2 3 |  3.2
Short Blades   | 1 2 3 |  3.1
Maces & Flails | 1 2 |  2.5
Armour         | 1 2 |  2.4
Throwing       | 1 2 |  2.9
Unarmed Combat | 1 2 |  2.5
Long Blades    | 1 2 |  2.5
Axes           | 1 2 |  2.3
Invocations    | 1 2 3 |  3.2
Fighting       | 3 4 |  4.1
Polearms       | 1 2 |  2.2
Staves         | 1 2 |  2.8
Evocations     | 1 2 |  2.1

Action                   |  1- 3 |  4- 6 |  7- 9 || total
-------------------------+-------+-------+-------++-------
Melee: Whip              |    17 |       |     7 ||    24
       Headbutt          |     4 |       |    30 ||    34
       Quarterstaff      |       |       |   158 ||   158
       Dagger            |       |       |    25 ||    25
 Fire: Hunting sling     |   108 |   165 |   190 ||   463
Throw: Stone             |       |       |     3 ||     3
       Boomerang         |       |       |    35 ||    35
 Cast: Animate Skeleton  |       |       |     8 ||     8
Invok: Minor Destruction |       |       |    12 ||    12
Evoke: Wand              |       |       |     6 ||     6
  Use: Scroll            |     5 |     7 |    11 ||    23
       Potion            |     3 |     5 |     8 ||    16
 Stab: Sleeping          |       |       |     1 ||     1
       Paralysed         |       |       |     2 ||     2
Armor: Leather armour    |    11 |    14 |    75 ||   100
Dodge: Dodged            |    35 |    49 |   140 ||   224
